 Dungeon Crawl Stone Soup version 0.28.0 (webtiles) character file.

Game seed: 15354005857751187385

322954 multipassport the Warrior (level 22, -5/148 HPs)
             Began as a Kobold Conjurer on Feb 11, 2022.
             Was the Champion of Vehumet.
             Slain by Xtahua (28 damage)
             ... on level 4 of the Vaults.
             The game lasted 04:10:13 (71416 turns).

multipassport the Warrior (Kobold Conjurer)        Turns: 71416, Time: 04:10:14

Health: -5/148     AC: 12    Str:  9    XL:     22   Next: 52%
Magic:  38/44      EV: 25    Int: 34    God:    Vehumet [******]
Gold:   2373       SH:  0    Dex: 16    Spells: 6/57 levels left

rFire   . . .      SeeInvis +   S - staff of conjuration
rCold   + + .      Faith    .   (shield currently unavailable)
rNeg    . . .      Spirit   .   Z - +1 robe "Usounke" {rPois rF- rC+++ Dex+2}
rPois   +          Reflect  .   g - +2 hat {Will+}
rElec   .          Harm     .   U - +0 cloak
rCorr   .          Rampage  .   b - +2 pair of gloves of the Lost Path {Will+}
Will    +++..                   T - +2 pair of boots {Fly}
Stlth   +++.......              k - amulet of regeneration
HPRegen 1.94/turn               J - ring of Gozag's Fury {Wiz *Corrode Str+4 SInv}
MPRegen 0.29/turn               x - ring "Noh Igyo" {Fire Int+5}

@: flying
A: small, no large weapons, nightstalker 3, sense surroundings 1, regeneration 1
}: 2/15 runes: decaying, serpentine
a: Renounce Religion


You were on level 4 of the Vaults.
You worshipped Vehumet.
Vehumet was exalted by your worship.
You visited 8 branches of the dungeon, and saw 37 of its levels.

You collected 3680 gold pieces.
You spent 1307 gold pieces at shops.

Inventory:

Armour
 b - the +2 pair of gloves of the Lost Path (worn) {Will+}
   (You found it on level 1 of the Vaults)

   Will:      It increases your willpower.
 c - the +1 robe of Diraloq {rF+ rC+}
   (You found it on level 5 of the Lair of Beasts)

   rF:        It protects you from fire.
   rC:        It protects you from cold.
 g - a +2 hat of willpower (worn)
 H - a +2 robe of positive energy
 T - a +2 pair of boots of flying (worn)
 U - a +0 cloak (worn)
 Y - the +0 pair of gloves of Disaster {Rampage rC+ Str-2 Dex+2}
   (You bought it in a shop on level 2 of the Orcish Mines)

   Str:       It affects your strength (-2).
   Dex:       It affects your dexterity (+2).
   rC:        It protects you from cold.
   Rampage:   It bestows one free step when moving towards enemies.
 Z - the +1 robe "Usounke" (worn) {rPois rF- rC+++ Dex+2}
   (You bought it in a shop on level 2 of the Orcish Mines)

   Dex:       It affects your dexterity (+2).
   rF:        It makes you vulnerable to fire.
   rC:        It renders you almost immune to cold.
   rPois:     It protects you from poison.
Magical Staves
 a - a staff of poison
 i - a staff of fire
 S - a staff of conjuration (weapon)
Jewellery
 k - an amulet of regeneration (around neck)
 n - a ring of protection from fire
 q - an amulet of the acrobat
 x - the ring "Noh Igyo" (right hand) {Fire Int+5}
   (You bought it in a shop on level 2 of the Orcish Mines)

   [ring of fire]

   It enhances your fire magic.
   Int:       It affects your intelligence (+5).
   rF:        It protects you from fire.
   rC:        It makes you vulnerable to cold.
 y - a +4 ring of evasion
 D - a ring of magical power
 J - the ring of Gozag's Fury (left hand) {Wiz *Corrode Str+4 SInv}
   (You acquired it on level 8 of the Dungeon)

   [ring of wizardry]

   It improves your spell success rate.
   Str:       It affects your strength (+4).
   SInv:      It lets you see invisible.
   *Corrode:  It may corrode you when you take damage.
 O - a ring of willpower
 P - a ring of protection from cold
 W - a ring of resist corrosion
 X - a ring of flight
Wands
 s - a wand of iceblast (51)
 v - a wand of mindburst (14)
 w - a wand of charming (15)
 z - a wand of paralysis (42)
 C - a wand of flame (47)
 F - a wand of acid (12)
 L - a wand of polymorph (16)
Scrolls
 j - 8 scrolls of fog
 l - 5 scrolls of magic mapping
 m - 2 scrolls of enchant armour
 r - 3 scrolls of fear
 A - 3 scrolls of amnesia
 G - 7 scrolls of teleportation
 I - 5 scrolls of enchant weapon
 N - a scroll of summoning
 Q - a scroll of blinking
 V - a scroll of brand weapon
Potions
 d - 3 potions of magic
 e - 3 potions of resistance
 f - 4 potions of invisibility
 h - 3 potions of heal wounds
 o - 6 potions of cancellation
 p - 7 potions of curing
 t - 2 potions of ambrosia
 u - 4 potions of might
 E - 3 potions of haste
 K - 4 potions of brilliance
 M - a potion of berserk rage
 R - 3 potions of lignification


   Skills:
 + Level 18.8 Fighting
 + Level 16.3 Dodging
 - Level 2.6 Stealth
 + Level 18.1 Spellcasting
 + Level 18.1 Conjurations
 - Level 5.0 Summonings
 - Level 4.0 Translocations
 - Level 6.0 Transmutations
 - Level 15.0 Fire Magic
 * Level 9.7 Earth Magic
 - Level 5.0 Poison Magic


You had 6 spell levels left.
You knew the following spells:

 Your Spells              Type           Power      Damage    Failure   Level
a - Spellforged Servitor  Conj/Summ      52%        N/A       1%          7
b - Searing Ray           Conj           100%       2d8       0%          2
c - Iskenderun's Mystic   Conj/Tloc      100%       2d19      1%          4
d - Olgreb's Toxic Radia  Pois           59%        N/A       1%          4
e - Starburst             Conj/Fire      72%        6d19      1%          6
f - Fulminant Prism       Conj/Hex       47%        3d21      1%          4
g - Airstrike             Air            15%        N/A       1%          4
h - Iskenderun's Battles  Conj           100%       2d15      0%          5
i - Passage of Golubria   Tloc           55%        N/A       1%          4
j - Swiftness             Air            30%        N/A       1%          3
k - Lehudib's Crystal Sp  Conj/Erth      56%        10d13     3%          8

Your spell library contained the following spells:

 Spells                   Type           Power      Damage    Failure   Level
 Shatter                  Erth           38%        3d30*     85%         9
 Chain Lightning          Conj/Air       47%        3d63      89%         9
 Magic Dart               Conj           100%       1d8       0%          1
 Sticky Flame             Conj/Fire      100%       2d11      0%          4
 Animate Skeleton         Necr           60%        N/A       1%          1
 Pain                     Necr           100%       1d9       1%          1
 Shock                    Conj/Air       100%       1d9       1%          1
 Slow                     Hex            100%       N/A       1%          1
 Sting                    Tmut/Pois      100%       1d8       1%          1
 Summon Small Mammal      Summ           100%       N/A       1%          1
 Blink                    Tloc           100%       N/A       1%          2
 Ensorcelled Hibernation  Hex/Ice        60%        N/A       1%          2
 Passwall                 Tmut/Erth      59%        N/A       1%          2
 Poisonous Vapours        Pois/Air       94%        N/A       1%          2
 Static Discharge         Conj/Air       95%        N/A       1%          2
 Call Canine Familiar     Summ           59%        N/A       1%          3
 Confusing Touch          Hex            30%        N/A       1%          3
 Dazzling Flash           Conj/Hex       100%       N/A       1%          3
 Inner Flame              Hex/Fire       89%        N/A       1%          3
 Lesser Beckoning         Tloc           55%        N/A       1%          3
 Spider Form              Tmut/Pois      62%        N/A       1%          3
 Summon Guardian Golem    Hex/Summ       47%        N/A       1%          3
 Teleport Other           Tloc           55%        N/A       1%          3
 Vampiric Draining        Necr           30%        2d8       1%          3
 Petrify                  Tmut/Erth      71%        N/A       1%          4
 Blade Hands              Tmut           32%        N/A       1%          5
 Irradiate                Conj/Tmut      53%        3d31      1%          5
 Summon Forest            Summ/Tloc      28%        N/A       1%          5
 Statue Form              Tmut/Erth      47%        N/A       2%          6
 Anguish                  Hex/Necr       15%        N/A       4%          4
 Cause Fear               Hex            15%        N/A       4%          4
 Dispel Undead            Necr           30%        3d14      4%          4
 Summon Mana Viper        Hex/Summ       47%        N/A       4%          5
 Summon Cactus Giant      Summ           29%        N/A       9%          6
 Metabolic Englaciation   Hex/Ice        15%        N/A       13%         5
 Dragon Form              Tmut           32%        N/A       32%         7
 Discord                  Hex            15%        N/A       100%        8


Dungeon Overview and Level Annotations

Branches:
Dungeon (15/15)            Temple (1/1) D:5            Lair (6/6) D:8
  Swamp (4/4) Lair:3        Snake (4/4) Lair:4        Slime (0/5) Lair:6
    Orc (2/2) D:10            Elf (0/3) Orc:2        Vaults (4/5) D:13
  Crypt (0/3) Vaults:2     Depths (1/4) D:15

Altars:
Ashenzari
Cheibriados
Dithmenos
Elyvilon
Fedhas
Gozag
Hepliaklqana
Kikubaaqudgha
Makhleb
Nemelex Xobeh
Okawaru
Qazlal
Ru
Sif Muna
Trog
Uskayaw
Vehumet
Wu Jian
Xom
Yredelemnul
Zin
The Shining One
Jiyva
Lugonu

Shops:
D:5 =   D:6 !   D:9 :   Orc:2 *[[=

Portals:
Abyss: D:4

Annotations:
Snake:3 Vashnia
Vaults:4 Xtahua


Innate Abilities, Weirdness & Mutations

You are small and have problems with some larger weapons.
You are completely attuned to the shadows.
You passively map a small area around you.
Your natural rate of healing is unusually fast.


Message History

The bolt of fire hits the yaktaur!!!
You kill the yaktaur!
Vehumet accepts your kill. Xtahua breathes fire at you.
The searing blast misses you.
Casting: Starburst (safe; 1% risk of failure)
Confirm with . or Enter, or press ? or * to list all spells.
Casting: Starburst (safe; 1% risk of failure)
Press: ? - help, Dir - look around, f - activate You feel a strong surge of power!
The bolt of fire hits Xtahua!
Xtahua resists.
Xtahua is lightly wounded.
The bolt of fire hits the yaktaur!!!
You kill the yaktaur!
Vehumet accepts your kill.
The bolt of fire hits the yaktaur!!!!
You kill the yaktaur!
Vehumet accepts your kill.
You feel your power returning.
You are engulfed in blazing flames.
Xtahua bites you!! Xtahua claws you but does no damage. Xtahua tramples you.
You hold your ground!
Press: ? - help, v - describe, . - travel
Here: Xtahua (lightly wounded, catching their breath)
The floor.
You barely miss Xtahua.
Xtahua is lightly wounded.
You are engulfed in blazing flames.
Xtahua bites you! Xtahua closely misses you. Xtahua misses you.
Press: ? - help, v - describe, . - travel
Here: Xtahua (lightly wounded, catching their breath)
The floor.
Casting: Starburst (safe; 1% risk of failure)
Confirm with . or Enter, or press ? or * to list all spells.
You feel a surge of power!
You erupt in a blast of force!
The mystic blast hits Xtahua!
Xtahua is moderately wounded.
Xtahua is knocked back by the mystic blast.
You are engulfed in blazing flames.
* * * LOW HITPOINT WARNING * * *
Xtahua bites you!!
You die...

, * #........#.###
#........#.### #........#...#
* #........#...# #########
#.....<.)#.### #.......#
#....).[[')### #.......#
#.*......#...#
######.......###+########...#
.....'.......+.○@)... #.###
.....'.......#)D)<... #.#
.....'.......+......., ###
.....#########....... .)...#
* ***#....... .....# ,
#....., ,* .....# , * *
.....# , * [....# ,


You could see Xtahua (catching breath).

Vanquished Creatures
  Mara (Swamp:4)
  Saint Roka (Vaults:1)
  Nikola (Snake:1)
  A golden dragon (Vaults:4)
  Rupert (Lair:3)
  Asterion (Vaults:1)
  Gastronok (Lair:1)
  2 thorn hunters (Swamp:4)
  Frances (Swamp:1)
  Donald (Swamp:3)
  A storm dragon (Vaults:4)
  An azure jelly (Lair:6)
  A fire giant (Vaults:4)
  6 fenstrider witches
  8 nagarajas
  11 vault wardens
  Aizul (Swamp:4)
  A deep elf sorcerer (Vaults:4)
  2 orc warlords
  6 ghouls
  13 very ugly things
  17 ironbound preservers
  A war gargoyle (Vaults:1)
  6 ironbound thunderhulks
  A deep elf demonologist (Vaults:4)
  4 eleionomae
  Nessos (Lair:4)
  4 bunyips
  4 dire elephants (Vaults:1)
  2 blizzard demons (Swamp:4)
  Josephine (D:12)
  3 ettins
  A fire dragon (Lair:6)
  2 shambling mangroves (Swamp:4)
  2 yaktaur captains (Vaults:2)
  4 great orbs of eyes
  A peacekeeper (Vaults:3)
  17 vault guards
  2 boulder beetles
  16 naga warriors
  2 spriggan air magi (Swamp:4)
  17 hydras
  A rakshasa (D:15)
  An ogre mage (Swamp:4)
  A ghost crab (Swamp:4)
  Erica (D:9)
  7 ironbound frosthearts
  11 anacondas
  2 catoblepae
  A death yak (Lair:3)
  The ghost of hurston the Fighter, a journeyman GrFi of Gozag (D:10)
  9 alligators
  4 centaur warriors
  4 two-headed ogres
  A death knight (D:14)
  A tengu warrior (D:15)
  9 naga sharpshooters
  Urug (D:10)
  2 shock serpents
  Nergalle (Orc:1)
  An orc high priest (Orc:2)
  A soul eater (Swamp:4)
  A sixfirhy (Swamp:4)
  Sonja (D:12)
  5 goliath frogs
  8 sea snakes
  A death drake (Swamp:4)
  51 deep trolls
  4 skeletal warriors
  3 naga ritualists
  A swamp dragon (shapeshifter) (D:15)
  2 phantasmal warriors (Vaults:3)
  4 harpies (Vaults:1)
  5 spriggan druids
  4 lindwurms
  Pikel (D:8)
  A glowing orange brain (Vaults:3)
  7 ironbound convokers
  An oklob plant (Lair:5)
  12 wizards
  A wolf spider (Lair:5)
  4 bog bodies
  A shadow dragon skeleton (Vaults:1)
  7 mana vipers
  3 necromancers
  3 deep elf pyromancers
  2 deep elf zephyrmancers (Swamp:4)
  47 ugly things
  8 orc knights
  7 orc sorcerers
  A stone giant zombie (Vaults:2)
  4 salamanders
  A salamander (shapeshifter) (Vaults:4)
  3 cyclopes
  3 manticores
  3 will-o-the-wisps
  10 guardian serpents
  A black mamba (shapeshifter) (D:14)
  16 elephants
  6 torpor snails
  45 black mambas
  16 naga magi
  14 vault sentinels
  An orange demon (Swamp:4)
  13 cane toads
  3 rime drakes
  A gargoyle (D:11)
  Maggie (D:9)
  Psyche (D:9)
  A yaktaur zombie (Vaults:1)
  A kobold demonologist (D:9)
  5 komodo dragons
  24 yaktaurs
  A nameless horror (D:15)
  A tengu conjurer (D:15)
  A hellwing (Swamp:4)
  A komodo dragon (shapeshifter) (D:15)
  2 freezing wraiths
  3 polar bears
  3 trolls
  6 tyrant leeches
  The ghost of Hasart the Cudgeller, an amateur DgFi (D:5)
  17 hornets
  A tarantella (shapeshifter) (D:13)
  A bloated husk (Swamp:4)
  The ghost of LohmatiyShmel the Insei, an amateur GnTm (D:3)
  Prince Ribbit (D:7)
  18 blink frogs
  4 dream sheep (Lair:5)
  20 slime creatures
  59 yaks
  6 spriggans
  5 wraiths
  A vampire (D:10)
  Grum (D:10)
  2 fire elementals (D:15)
  4 fire bats (Lair:1)
  8 wyverns (Lair:6)
  4 basilisks
  3 chaos spawn (Swamp:4)
  2 neqoxecs (Swamp:4)
  3 redbacks (Lair:6)
  28 vampire mosquitoes
  3 wargs
  Edmund (D:5)
  39 nagas
  2 acid dragons (D:12)
  13 swamp worms
  29 water moccasins
  A hornet zombie (D:7)
  An ogre skeleton (Vaults:1)
  2 ice beasts
  An elf simulacrum (Vaults:2)
  3 black bears
  6 swamp drakes
  22 orc warriors
  A sky beast (D:6)
  3 ogres
  An orc skeleton (Vaults:1)
  17 wolves
  12 centaurs
  A lemure (D:8)
  2 phantoms
  A human skeleton (Vaults:2)
  A gnoll sergeant (D:9)
  A kobold brigand (D:9)
  10 bullfrogs
  4 scorpions
  A water moccasin zombie (D:5)
  A wyvern skeleton (D:6)
  8 killer bees
  8 wights
  3 howler monkeys (D:10)
  2 electric eels
  6 centaur zombies
  A jelly (D:7)
  A centaur skeleton (D:7)
  25 orc priests
  3 hounds
  2 iguanas (D:5)
  Terence (D:3)
  3 hell rats (Lair:3)
  A scorpion zombie (D:5)
  43 orc wizards
  2 killer bee zombies (D:7)
  A hound skeleton (D:4)
  7 gnolls
  3 adders
  7 river rats (Lair:3)
  2 shadow imps
  A white imp (D:7)
  An adder skeleton (D:5)
  An adder zombie (D:5)
  4 worms
  2 dart slugs
  80 orcs
  8 endoplasms
  8 goblins
  3 hobgoblins
  2 quokkas
  6 ball pythons
  2 bats
  11 kobolds
  9 rats
  A lurking horror (D:4)
1254 creatures vanquished.

Vanquished Creatures (collateral kills)
  Roxanne (Swamp:2)
  2 nagarajas (Snake:4)
  A vault warden (Vaults:4)
  An orc warlord (Vaults:4)
  A very ugly thing (Vaults:1)
  A yaktaur captain (D:13)
  2 naga warriors
  2 anacondas
  An alligator (Swamp:2)
  3 shock serpents
  3 naga sharpshooters
  A sea snake (Snake:4)
  A spriggan druid (Swamp:3)
  A deep troll (Vaults:2)
  2 naga ritualists
  2 ugly things
  2 mana vipers
  3 salamanders
  2 naga magi
  A black mamba (Snake:3)
  An orange demon (Swamp:4)
  A kobold demonologist (D:14)
  2 efreet (D:14)
  A spriggan (Swamp:2)
  A wraith (D:12)
  A fire elemental (D:14)
  3 swamp worms
  4 nagas
  4 swamp drakes
  An orc warrior (Orc:2)
  A centaur (D:14)
  2 kobolds (D:14)
55 creatures vanquished.

Vanquished Creatures (others)
  An ugly thing (D:15)
  A bloated husk (Swamp:2)
  An orc warrior (Orc:2)
  An orc wizard (Vaults:1)
  2 foxfires (Swamp:2)
  25 fulminant prisms
  105 fungi
  187 plants
  3 withered plants (D:13)
326 creatures vanquished.

Grand Total: 1635 creatures vanquished

Notes
Turn   | Place    | Note
-------+----------+-------------------------------------------
     0 | D:1      | multipassport the Kobold Conjurer began the quest for the
                  | Orb.
     0 | D:1      | Reached XP level 1. HP: 10/10 MP: 3/3
   209 | D:1      | Reached XP level 2. HP: 16/16 MP: 3/5
   468 | D:1      | Reached skill level 1 in Fighting
   772 | D:1      | Learned a level 2 spell: Searing Ray
   874 | D:1      | Reached skill level 1 in Translocations
  1003 | D:2      | Reached XP level 3. HP: 20/20 MP: 3/6
  1712 | D:2      | Reached XP level 4. HP: 21/26 MP: 2/8
  2211 | D:3      | Noticed an ogre
  2218 | D:3      | Killed an ogre
  2219 | D:3      | Reached XP level 5. HP: 31/31 MP: 0/9
  2466 | D:3      | Noticed Terence
  2471 | D:3      | Killed Terence
  2472 | D:3      | Reached XP level 6. HP: 36/36 MP: 4/11
  2671 | D:3      | Found an opulent altar of Gozag.
  2887 | D:3      | Found a snail-covered altar of Cheibriados.
  2970 | D:3      | Found a runed translucent door.
  2971 | D:3      | Noticed LohmatiyShmel's ghost (amateur GnTm)
  3504 | D:4      | Found a corrupted altar of Lugonu.
  3506 | D:4      | Found a one-way gate to the infinite horrors of the Abyss.
  3631 | D:4      | Reached skill level 5 in Conjurations
  4303 | D:4      | Reached XP level 7. HP: 41/41 MP: 3/12
  4926 | D:5      | Entered Level 5 of the Dungeon
  4998 | D:5      | Found Jishresm's Jewellery Shoppe.
  5686 | D:5      | Found a transporter.
  5687 | D:5      | Found a transporter.
  5688 | D:5      | Noticed Hasart's ghost (amateur DgFi)
  5748 | D:5      | Reached XP level 8. HP: 44/48 MP: 1/14
  5952 | D:5      | Found a staircase to the Ecumenical Temple.
  5962 | Temple   | Entered the Ecumenical Temple
  6214 | Temple   | Became a worshipper of Vehumet
  6237 | D:5      | Learned a level 4 spell: Iskenderun's Mystic Blast
  6478 | D:5      | Reached skill level 5 in Spellcasting
  6528 | D:5      | Reached skill level 1 in Poison Magic
  6684 | D:5      | Found a sparkling altar of Nemelex Xobeh.
  6762 | D:5      | Reached skill level 5 in Fighting
  6775 | D:5      | Killed Hasart's ghost
  6776 | D:5      | Reached XP level 9. HP: 29/54 MP: 2/17
  7054 | D:3      | Killed LohmatiyShmel's ghost
  7222 | D:6      | Noticed Edmund
  7277 | D:5      | Killed Edmund
  8002 | D:6      | Reached skill level 5 in Dodging
  8186 | D:6      | Identified a scroll of acquirement
  8186 | D:6      | Acquired a staff of poison
  8481 | D:6      | Found Jairghoh's Distillery.
  8948 | D:7      | Gained mutation: You passively map a small area around you.
                  | [potion of mutation]
  8948 | D:7      | Gained mutation: Your natural rate of healing is unusually
                  | fast. [potion of mutation]
  9608 | D:7      | Reached skill level 1 in Fire Magic
  9700 | D:7      | Found a white marble altar of Elyvilon.
 10208 | D:7      | Reached * piety under Vehumet
 10208 | D:7      | Offered knowledge of Freeze by Vehumet.
 10209 | D:7      | Reached XP level 10. HP: 61/61 MP: 14/19
 10582 | D:7      | Noticed Prince Ribbit
 10588 | D:7      | Killed Prince Ribbit
 10740 | D:8      | Learned a level 4 spell: Olgreb's Toxic Radiance
 11015 | D:8      | Noticed a komodo dragon
 11560 | D:8      | Noticed Pikel
 11572 | D:8      | Killed Pikel
 11573 | D:8      | Reached skill level 5 in Poison Magic
 11907 | D:8      | Found a staircase to the Lair.
 12018 | D:8      | Killed a komodo dragon
 12370 | D:8      | Reached XP level 11. HP: 67/68 MP: 18/22
 12648 | D:8      | Acquired the ring of Gozag's Fury {Wiz *Corrode Str+4 SInv}
 12883 | D:8      | Offered knowledge of Static Discharge by Vehumet.
 12901 | D:8      | Reached ** piety under Vehumet
 13346 | D:9      | Noticed Erica
 13349 | D:9      | Noticed a two-headed ogre
 13360 | D:9      | Killed Erica
 13510 | D:9      | Reached skill level 5 in Fire Magic
 13835 | D:9      | Killed a two-headed ogre
 14158 | D:9      | Noticed Maggie
 14166 | D:9      | Killed Maggie
 14676 | D:9      | Found Codotany's Book Boutique.
 14713 | D:9      | Offered knowledge of Stone Arrow by Vehumet.
 14827 | D:9      | Noticed Psyche
 14833 | D:9      | Killed Psyche
 15040 | D:10     | Entered Level 10 of the Dungeon
 15043 | D:10     | Noticed a two-headed ogre
 15049 | D:10     | Killed a two-headed ogre
 15053 | D:10     | Noticed Grum
 15123 | Lair:1   | Entered Level 1 of the Lair of Beasts
 15129 | Lair:1   | Reached *** piety under Vehumet
 15134 | Lair:1   | Noticed a four-headed hydra
 15413 | D:10     | Reached XP level 12. HP: 76/76 MP: 7/24
 15413 | D:10     | Noticed Urug
 15473 | D:9      | Learned a level 6 spell: Starburst
 15478 | D:9      | Learned a level 4 spell: Fulminant Prism
 15568 | D:10     | Found a staircase to the Orcish Mines.
 15649 | D:10     | Found a runed translucent gate.
 15649 | D:10     | Found a runed translucent gate.
 15649 | D:10     | Found a runed translucent gate.
 15651 | D:10     | Noticed a 12-headed hydra
 15652 | D:10     | Noticed hurston's ghost (journeyman GrFi)
 15963 | D:10     | Killed Urug
 16088 | D:10     | Killed Grum
 17191 | D:10     | Noticed a 12-headed hydra
 17217 | Orc:1    | Entered Level 1 of the Orcish Mines
 17217 | Orc:1    | Noticed Nergalle
 17221 | Orc:1    | Killed Nergalle
 17370 | D:11     | Noticed a two-headed ogre
 17373 | D:11     | Killed a two-headed ogre
 17637 | D:11     | Noticed a two-headed ogre
 17644 | D:11     | Killed a two-headed ogre
 17645 | D:11     | Reached skill level 10 in Conjurations
 18097 | D:11     | Reached skill level 10 in Fighting
 18415 | D:11     | Offered knowledge of Airstrike by Vehumet.
 18445 | D:12     | Noticed Josephine
 18883 | Lair:1   | Killed a four-headed hydra
 19140 | Lair:1   | Noticed a six-headed hydra
 19146 | Lair:1   | Killed a six-headed hydra
 19147 | Lair:1   | Reached skill level 10 in Spellcasting
 19275 | Lair:1   | Reached XP level 13. HP: 83/83 MP: 10/27
 19372 | Lair:1   | Learned a level 4 spell: Airstrike
 19485 | Lair:1   | Noticed Gastronok
 19500 | Lair:1   | Killed Gastronok
 19613 | Lair:1   | Noticed a six-headed hydra
 19619 | Lair:1   | Killed a six-headed hydra
 20431 | Lair:2   | Noticed a four-headed hydra
 20434 | Lair:2   | Killed a four-headed hydra
 20648 | Lair:2   | Noticed a six-headed hydra
 20652 | Lair:2   | Killed a six-headed hydra
 21056 | Lair:2   | Reached **** piety under Vehumet
 21627 | Lair:2   | Offered knowledge of Iskenderun's Battlesphere by Vehumet.
 21634 | Lair:2   | Learned a level 5 spell: Iskenderun's Battlesphere
 22461 | Lair:3   | Noticed Rupert
 23116 | Lair:3   | Noticed a six-headed hydra
 23116 | Lair:3   | Noticed a seven-headed hydra
 23120 | Lair:3   | Killed a seven-headed hydra
 23121 | Lair:3   | Reached XP level 14. HP: 53/92 MP: 11/30
 23323 | Lair:3   | Killed Rupert
 23455 | Lair:3   | Reached ***** piety under Vehumet
 23456 | Lair:3   | Offered knowledge of Ozocubu's Refrigeration by Vehumet.
 23572 | Lair:3   | Found a staircase to the Swamp.
 23644 | Lair:3   | Acquired the Grimoire of Orientation
 23651 | Lair:3   | Learned a level 4 spell: Passage of Golubria
 24639 | Lair:4   | Found a staircase to the Snake Pit.
 25366 | Lair:4   | Noticed Nessos
 25371 | Lair:4   | Killed Nessos
 26090 | Lair:5   | Offered knowledge of Spellforged Servitor by Vehumet.
 26977 | Lair:5   | Reached XP level 15. HP: 80/98 MP: 13/31
 27355 | Lair:5   | Identified the +1 robe of Diraloq {rF+ rC+}
 27445 | Lair:6   | Entered Level 6 of the Lair of Beasts
 27457 | Lair:6   | Reached skill level 10 in Dodging
 27766 | Lair:6   | Found a runed translucent door.
 27767 | Lair:6   | Found a viscous altar of Jiyva.
 27769 | Lair:6   | Found a staircase to the Slime Pits.
 27769 | Lair:6   | Noticed an azure jelly
 27774 | Lair:6   | Killed an azure jelly
 28602 | Lair:6   | Found a runed translucent door.
 28787 | Lair:6   | Paralysed by a hornet for 1 turns
 29191 | Lair:6   | Reached skill level 10 in Fire Magic
 29948 | Lair:6   | Identified the +6 war axe of the Dozen Portals {freeze,
                  | *Noise Will+ Int+4 SInv}
 30576 | Lair:6   | Learned a level 7 spell: Spellforged Servitor
 31030 | D:10     | Killed hurston's ghost
 31097 | D:10     | Identified the +10 scimitar of Ashenzari's Vengeance {elec,
                  | Dex+3}
 31317 | D:12     | Noticed Sonja
 31320 | D:12     | Killed Sonja
 31321 | D:12     | Reached skill level 1 in Summonings
 31475 | D:12     | Killed Josephine
 31749 | D:12     | Offered knowledge of Eringya's Noxious Bog by Vehumet.
 33262 | D:12     | Reached XP level 16. HP: 45/105 MP: 17/33
 34438 | D:13     | Found a gate to the Vaults.
 35761 | D:14     | Found a blossoming altar of Fedhas.
 36561 | D:15     | Entered Level 15 of the Dungeon
 39287 | D:15     | Found a staircase to the Depths.
 39633 | Snake:1  | Entered Level 1 of the Snake Pit
 39721 | Snake:1  | Reached skill level 5 in Summonings
 40018 | Snake:1  | Reached XP level 17. HP: 112/112 MP: 14/35
 40445 | Snake:1  | Noticed Nikola
 40450 | Snake:1  | Killed Nikola
 40726 | Snake:1  | Reached skill level 15 in Fighting
 43018 | Snake:2  | Offered knowledge of Lee's Rapid Deconstruction by Vehumet.
 43082 | Snake:2  | Reached skill level 15 in Conjurations
 43263 | Snake:2  | Learned a level 3 spell: Swiftness
 43915 | Snake:2  | Reached skill level 15 in Spellcasting
 45275 | Snake:3  | Noticed Vashnia
 45580 | Snake:3  | Reached XP level 18. HP: 120/120 MP: 21/37
 47142 | Snake:4  | Entered Level 4 of the Snake Pit
 48342 | Snake:4  | Identified the +0 leather armour of Hepliaklqana's Anger
                  | {Int+4}
 49093 | Snake:4  | Reached ****** piety under Vehumet
 49095 | Snake:4  | Offered knowledge of Fireball by Vehumet.
 49951 | Snake:4  | Got a serpentine rune of Zot
 50464 | Orc:2    | Entered Level 2 of the Orcish Mines
 50617 | Orc:2    | Found Pyluekil's Assorted Antiques.
 50926 | Orc:2    | Bought a scroll of teleportation for 93 gold pieces
 51095 | Orc:1    | Found a burning altar of Makhleb.
 51763 | Orc:2    | Found a staircase to the Elven Halls.
 51999 | Orc:2    | Found Cagy's Jewellery Emporium.
 52000 | Orc:2    | Found Jeisoet's Armour Shoppe.
 52002 | Orc:2    | Found Vuamas's Distillery.
 52002 | Orc:2    | Found Eled Noedd's Antique Armour Emporium.
 52006 | Orc:2    | Bought a colourful robe for 216 gold pieces
 52006 | Orc:2    | Identified the +1 robe "Usounke" {rPois rF- rC+++ Dex+2}
                  | (You bought it in a shop on level 2 of the Orcish Mines)
 52006 | Orc:2    | Bought a pair of scorched gloves for 361 gold pieces
 52006 | Orc:2    | Identified the +0 pair of gloves of Disaster {Rampage rC+
                  | Str-2 Dex+2} (You bought it in a shop on level 2 of the
                  | Orcish Mines)
 52026 | Orc:2    | Bought the ring "Noh Igyo" {Fire Int+5} for 637 gold pieces
 52497 | Orc:1    | Reached XP level 19. HP: 125/125 MP: 27/38
 52954 | Swamp:1  | Entered Level 1 of the Swamp
 53130 | Swamp:1  | Offered knowledge of Iron Shot by Vehumet.
 53348 | Swamp:1  | You are sucked into a shaft and drop 1 floor!
 53408 | Swamp:2  | Noticed Roxanne
 53973 | Swamp:1  | Noticed Frances
 53980 | Swamp:1  | Killed Frances
 54861 | Swamp:2  | Reached skill level 15 in Dodging
 54969 | Swamp:2  | Killed Roxanne
 55271 | Swamp:3  | Noticed Donald
 55279 | Swamp:3  | Killed Donald
 55664 | Swamp:4  | Entered Level 4 of the Swamp
 55941 | Swamp:4  | Noticed Mara
 55947 | Swamp:4  | Killed Mara
 56352 | Swamp:4  | HP: 2/128 [bunyip (23)]
 56503 | Swamp:4  | Noticed Aizul
 56516 | Swamp:4  | Killed Aizul
 56852 | Swamp:4  | Reached XP level 20. HP: 101/134 MP: 4/40
 56954 | Swamp:4  | Offered knowledge of Maxwell's Capacitive Coupling by
                  | Vehumet.
 57721 | Swamp:4  | Got a decaying rune of Zot
 58483 | Depths:1 | Entered Level 1 of the Depths
 58592 | Vaults:1 | Entered Level 1 of the Vaults
 59042 | Vaults:1 | Reached skill level 1 in Transmutations
 59320 | Vaults:1 | Reached skill level 1 in Earth Magic
 59956 | Vaults:1 | Noticed Asterion
 59961 | Vaults:1 | Killed Asterion
 61155 | Vaults:1 | Offered knowledge of Lehudib's Crystal Spear by Vehumet.
 61155 | Vaults:1 | Offered knowledge of Shatter by Vehumet.
 61155 | Vaults:1 | Offered knowledge of Chain Lightning by Vehumet.
 61263 | Vaults:1 | Learned a level 8 spell: Lehudib's Crystal Spear
 61502 | Vaults:1 | Identified the +2 pair of gloves of the Lost Path {Will+}
 62014 | Vaults:1 | Noticed Saint Roka
 62021 | Vaults:1 | Killed Saint Roka
 62022 | Vaults:1 | Reached skill level 15 in Fire Magic
 63266 | Vaults:1 | Reached skill level 5 in Earth Magic
 63349 | Vaults:1 | Reached XP level 21. HP: 141/141 MP: 13/42
 64694 | Vaults:2 | Found a staircase to the Crypt.
 64694 | Vaults:2 | Found an ancient bone altar of Kikubaaqudgha.
 64694 | Vaults:2 | Found a basalt altar of Yredelemnul.
 65182 | Vaults:2 | Reached skill level 5 in Transmutations
 69052 | Vaults:3 | Reached XP level 22. HP: 148/148 MP: 30/43
 71034 | Vaults:4 | Noticed a golden dragon
 71038 | Vaults:4 | Killed a golden dragon
 71410 | Vaults:4 | Noticed Xtahua
 71416 | Vaults:4 | Slain by Xtahua

Illustrated notes

Levels and vault maps discovered:
D:1:      amcnicky_arrival_underground_garden, layout_rooms,
          chequers_serial_rivers_small_b
D:2:      layout_loops_ring, hangedman_decor_push
D:3:      layout_loops_ring, mainiacjoe_overflow_catch_the_wave,
          gammafunk_ghost_grave, uniq_terence
D:4:      nicolae_cairo_tiling_very_big, layout_cave_pools,
          cheibrodos_sewer_entry_bend, amcnicky_altar_lugonu_corruption
D:5:      layout_loops_cross, nemelex_xobeh_ov_fountains_minmay,
          minmay_temple_entry_stoned_glass, gammafunk_ghost_hive, serial_shops,
          shop
D:6:      layout_layer_cave, serial_shops, nicolae_shop_waterfront, uniq_edmund
D:7:      layout_basic, nicolae_elyvilon_peaceful_grove, uniq_prince_ribbit1
D:8:      layout_cave_pods, due_lair_maze_entry_diamond, minmay_bent, uniq_pikel
D:9:      layout_gridville, serial_shops, shop, serial_bayou_crossing,
          uniq_erica, uniq_psyche, uniq_maggie
D:10:     layout_stronghold, orc_0_dummy, gammafunk_ghost_hydra_chop,
          kennysheep_pointless_box, uniq_urug, uniq_grum
D:11:     layout_rooms
D:12:     layout_gridville, uniq_sonja, uniq_josephine
D:13:     layout_small_grid, david_vaults_2, serial_undead, serial_undead_a,
          serial_undead_c, serial_undead_d, serial_undead_a, the_hattery
D:14:     layout_roguey, lemuel_crystal_altar
D:15:     gammafunk_enter_depths_forms, layout_cave_pods,
          minmay_misc_feat_ornament, uniq_azrael
Temple:   regret_index_temple_mists
Lair:1:   layout_gridlike, serial_bayou_shore_b, serial_bayou_shore_b,
          uniq_gastronok
Lair:2:   layout_regular_city
Lair:3:   layout_misc_corridors, nicolae_swamp_entry_splash_gauntlet,
          kennysheep_abandoned_house, serial_bayou_shore_b, uniq_rupert
Lair:4:   layout_hall_layers, minmay_snake_entry_guardpost_small, uniq_nessos
Lair:5:   layout_cave_pods
Lair:6:   wormcave, layout_regular_city, hangedman_lair_tendril_chambers,
          slime_altar_2, nicolae_volcano_entry_lava_flow
Swamp:1:  layout_falls_marsh, hangedman_swamp_pad, swamp_pool5,
          infiniplex_staircase_pool, uniq_frances
Swamp:2:  layout_falls_marsh, serial_swamp_ruin, evilmike_swamp_ruin_house_2,
          evilmike_swamp_ruin_house_4, uniq_roxanne
Swamp:3:  layout_basic_swamp, hangedman_swamp_ruin_hall, uniq_donald
Swamp:4:  nzn_swamp_witches_coven, layout_basic_swamp, swamp_pool5,
          nicolae_swamp_orc_logging_accident, uniq_mara, uniq_aizul
Snake:1:  layout_grid_shapes, grunt_ministairs_3, drop_trap,
          serial_bayou_ford_a, nicolae_snake_shapes, grunt_megastairs_2,
          uniq_nikola
Snake:2:  layout_onion, grunt_megastairs_3
Snake:3:  layout_chambers, uniq_vashnia
Snake:4:  grunt_snake_rune_pools, layout_misc_corridors
Orc:1:    layout_caves, bloody_makhleb, uniq_nergalle
Orc:2:    st_orc_mages, layout_diamond_mine, serial_shops,
          nicolae_shop_behind_doors
Vaults:1: nicolae_vaults_three_branches, nicolae_vaults_quartermaster,
          nicolae_vaults_network_barrier, nicolae_vaults_angled_halls,
          ontoclasm_vaults_idyll, vaults_dpeg_diagonal, layout_vaults_omnigrid,
          uniq_saint_roka, uniq_asterion
Vaults:2: hangedman_vaults_stream, minmay_crypt_entry_necro_gods, v_misc_2,
          vaults_dpeg_ring, hangedman_vaults_snaps,
          nicolae_vaults_little_squares_2, ontoclasm_vaults_fault, v_misc_22,
          ontoclasm_vaults_ring_square, nicolae_vaults_holding_cells,
          layout_vaults_big_room
Vaults:3: vaults_room_grunt_arrival_checkpoint, v_misc_17, v_pattern_3,
          hangedman_vaults_slice, hangedman_vaults_pinch,
          nicolae_vaults_little_squares_6, hangedman_vaults_locks, v_misc_11,
          v_alt_pattern_1, grunt_vaults_focal, layout_vaults_ring
Vaults:4: ebering_ghost_reflecting_pool, vaults_room_fancy_cross,
          ontoclasm_vaults_shout, dpeg_vaults_monster_row, v_rooms_1, v_misc_13,
          v_misc_33, nicolae_vaults_yaktaur_gun_rack,
          nicolae_vaults_ring_of_whatevers,
          nicolae_vaults_windows_and_doors_thing,
          nicolae_vaults_inception_scallops, v_misc_10, vaults_mumra_chevron,
          layout_vaults_omnibox, nicolae_trove_entry_diagonal, uniq_xtahua,
          uniq_margery
Depths:1: layout_cross, pan_entry, abyss_entry, hell_entry,
          chequers_serial_rivers_micro_b, nicolae_ashenzari_panopticon,
          minmay_shoptagon, infiniplex_staircase_pool_lava

Skill      XL: |  1  2  3  4  5  6  7  8  9 10 11 12 13 14 15 16 17 18 19 20 21 22 |
---------------+-------------------------------------------------------------------+-----
Fighting       | 1 2 3 4 5 6 8 9 10 12 13 14 15 16 17 18 | 18.8
Translocations | 1 2 3 4 |  4.0
Spellcasting   | 3 4 5 6 7 8 10 12 13 14 15 16 17 18 | 18.1
Conjurations   | 5 6 7 8 9 10 12 13 14 15 16 17 18 | 18.1
Poison Magic   | 2 4 5 |  5.0
Dodging        | 3 5 7 8 9 11 12 13 14 15 16 | 16.3
Fire Magic     | 1 4 6 7 8 9 10 11 12 13 14 15 | 15.0
Summonings     | 2 5 |  5.0
Transmutations | 4 6 |  6.0
Earth Magic    | 5 8 9 |  9.7
Stealth        | |  2.6

Action                   |  1- 3 |  4- 6 |  7- 9 | 10-12 | 13-15 | 16-18 | 19-21 | 22-24 || total
-------------------------+-------+-------+-------+-------+-------+-------+-------+-------++-------
Melee: Staff             |    12 |     5 |    22 |    13 |    30 |     4 |    13 |     2 ||   101
 Cast: Magic Dart        |    55 |    47 |    12 |     2 |       |       |       |       ||   116
       Searing Ray       |     1 |    14 |    61 |    99 |    82 |   109 |    86 |       ||   452
       Iskenderun's Myst |       |       |    12 |    54 |    25 |     8 |    16 |     4 ||   119
       Olgreb's Toxic Ra |       |       |       |    38 |    25 |    17 |     3 |       ||    83
       Starburst         |       |       |       |    25 |   216 |   301 |   216 |    29 ||   787
       Fulminant Prism   |       |       |       |       |    16 |     8 |     1 |       ||    25
       Iskenderun's Batt |       |       |       |       |    47 |   122 |    99 |     9 ||   277
       Airstrike         |       |       |       |       |     4 |       |       |       ||     4
       Spellforged Servi |       |       |       |       |     6 |    61 |    20 |     3 ||    90
       Passage of Golubr |       |       |       |       |     1 |     2 |       |       ||     3
       Lehudib's Crystal |       |       |       |       |       |       |   152 |    51 ||   203
       Swiftness         |       |       |       |       |       |       |     4 |     3 ||     7
Evoke: Wand              |       |       |     1 |     2 |    11 |       |     3 |       ||    17
  Use: Scroll            |       |       |    12 |     8 |     8 |    10 |     1 |       ||    39
       Potion            |       |       |     3 |     2 |     4 |     2 |     1 |     1 ||    13
Armor: Robe              |     1 |     1 |    11 |    35 |    53 |    51 |    40 |    10 ||   202
       Skin              |       |       |       |     1 |       |       |       |       ||     1
Dodge: Dodged            |    11 |    26 |   141 |   312 |   341 |   448 |   300 |    49 ||  1628
